 Dungeon Crawl Stone Soup version 0.27-a0-1528-g90fbb72469 (webtiles) character file.

Game seed: 5396564552216127270

4687 Delamore the Cruncher (level 10, -5/74 HPs)
             Began as a Formicid Fighter on July 11, 2021.
             Was a Believer of Qazlal.
             Slain by a fire giant (14 damage)
             ... on level 9 of the Dungeon.
             The game lasted 00:13:01 (9897 turns).

Delamore the Cruncher (Formicid Fighter)            Turns: 9897, Time: 00:13:01

Health: -5/74      AC: 16    Str: 25    XL:     10   Next: 72%
Magic:  10/10      EV: 10    Int:  7    God:    Qazlal [**....]
Gold:   394        SH:  7    Dex: 10    Spells: 9/9 levels left

rFire    + + .     SeeInvis +   e - +0 lajatang (elec)
rCold    . . .     Faith    .   v - +0 buckler
rNeg     . . .     Spirit   .   E - +4 scale mail {Will+}
rPois    +         Reflect  .   (helmet unavailable)
rElec    +         Harm     .   (no cloak)
rCorr    +         Rampage  .   g - +0 pair of gloves
Will     ++...                  (no boots)
Stlth    ..........             (no amulet)
HPRegen  0.22/turn              y - +4 ring of protection
MPRegen  0.12/turn              h - ring of fire

@: mighty, resistant
A: permanent stasis, dig shafts and tunnels, antennae 3, four strong arms
a: Dig, Shaft Self, Renounce Religion, Upheaval


You were on level 9 of the Dungeon.
You worshipped Qazlal.
Qazlal was pleased with you.
You visited 2 branches of the dungeon, and saw 11 of its levels.

You collected 438 gold pieces.
You spent 44 gold pieces at shops.

Inventory:

Hand Weapons
 a - a +0 quarterstaff
 e - a +0 lajatang of electrocution (weapon)
Missiles
 f - 15 boomerangs
 o - 17 poisoned darts (quivered)
 s - 2 boomerangs of dispersal
 w - a throwing net
Armour
 c - a +1 kite shield
 g - a +0 pair of gloves (worn)
 m - a +3 chain mail of fire resistance
 v - a +0 buckler (worn)
 E - a +4 scale mail of willpower (worn)
Jewellery
 h - a ring of fire (right hand)
 y - a +4 ring of protection (left hand)
Wands
 t - a wand of flame (36)
 z - a wand of mindburst (2)
 B - a wand of acid (13)
 C - a wand of digging (5)
Scrolls
 u - a scroll of amnesia
Potions
 d - 4 potions of might
 i - a potion of flight
 j - a potion of attraction
 k - 2 potions of mutation
 l - a potion of brilliance
 n - a potion of cancellation
 r - a potion of invisibility {unknown}
 x - a potion of degeneration {unknown}
 D - a potion of curing {unknown}


   Skills:
 - Level 5.0 Fighting
 * Level 13.9 Staves
 - Level 3.2 Armour
 + Level 4.9 Shields


You had 9 spell levels left.
You didn't know any spells.
Your spell library contained the following spells:

 Spells                   Type           Power      Damage    Failure   Level
 Gell's Gravitas          Tloc           0%         N/A       97%         3
 Ignite Poison            Fire/Tmut/Pois 0%         N/A       97%         3
 Lesser Beckoning         Tloc           0%         N/A       97%         3
 Mephitic Cloud           Conj/Pois/Air  0%         N/A       97%         3
 Teleport Other           Tloc           0%         N/A       97%         3
 Tukima's Dance           Hex            0%         N/A       97%         3
 Passage of Golubria      Tloc           N/A        N/A       100%        4
 Bolt of Magma            Conj/Fire/Erth 0%         4d4       100%        5
 Yara's Violent Unravell  Hex/Tmut       0%         3d3       100%        5


Dungeon Overview and Level Annotations

Branches:
Dungeon (10/15)            Temple (1/1) D:4             Orc (0/2) D:9
   Lair: D:8-11

Altars:
Ashenzari
Cheibriados
Dithmenos
Elyvilon
Fedhas
Gozag
Hepliaklqana
Kikubaaqudgha
Makhleb
Nemelex Xobeh
Okawaru
Qazlal
Ru
Sif Muna
Trog
Uskayaw
Vehumet
Wu Jian
Xom
Yredelemnul
Zin
The Shining One

Shops:
D:3 *


Innate Abilities, Weirdness & Mutations

You cannot be hasted, slowed, berserked, paralysed or teleported.
You can dig through walls and to a lower floor.
You have a pair of large antennae on your head. (SInv)
Your four strong arms can wield two-handed weapons with a shield.


Message History

There is an open door, spattered with blood here.
Found a glowing whip, a cabochon ring, a staff of earth and a shiny chain mail.
There is an open door here.
You see here a +1 whip of freezing.
h - a ring of fire You see here a +1 whip of freezing.
You see here a staff of earth.
You see here a +3 chain mail of fire resistance.
m - a +3 chain mail of fire resistance You see here a staff of earth.
There is an open door here.
You hear the crackle of electricity.
e - a +0 lajatang of electrocution (weapon)
A fire giant comes into view.
It is wielding a +2 great sword of flaming.
The fire giant shouts!
You hear a shout!
You block the fire giant's attack.
The fire giant hits you with a +2 great sword of flaming!!
The fire giant burns you!
You barely miss the fire giant.
The fire giant hits you with a +2 great sword of flaming.
The fire giant burns you.
You feel more attuned to fire.
h - a ring of fire (right hand)
You feel very mighty all of a sudden.
The fire giant hits you with a +2 great sword of flaming.
You feel protected.
The fire giant hits you with a +2 great sword of flaming!!
* * * LOW HITPOINT WARNING * * *
The fire giant burns you.
* * * LOW HITPOINT WARNING * * *
A deep troll comes into view.
Okay, then.
As you read the scroll of fear, it crumbles to dust.
You assume a fearsome visage.
The howler monkey looks frightened!
The fire giant resists with almost no effort.
The deep troll looks frightened!
The fire giant barely misses you.
You slice the fire giant!!
The fire giant is moderately wounded.
The fire giant hits you with a +2 great sword of flaming!
You die...

#..# ### #.###.# #..# ##.##.#
#..# ##.###.# #..# ##.## #.# #..#
##.## #.# ####..# ########(####
#.########
......####...........###{........
..........########'#{{...........
#[.......#.....@..#>............
#..))....#.....C..#....{.##.####
#..<)....#........#......##..#
#.)))....#...######....).###+###
#........#...#..|.#......# #...
#........#...#..).#......# #._.
..........#...#..#'#........ #...
..........#...'..#⌠#.........#≈≈≈
##############################...


You could see a fire giant.

Vanquished Creatures
  A centaur warrior (D:9)
  Prince Ribbit (D:7)
  2 wraiths (D:6)
  A wyvern (D:8)
  Duvessa (D:5)
  2 water moccasins (D:6)
  6 orc warriors
  An ice beast (D:6)
  A sky beast (D:7)
  2 centaurs (D:9)
  2 bullfrogs
  2 gnoll sergeants
  3 scorpions
  Dowan (D:5)
  5 killer bees (D:9)
  2 howler monkeys
  4 wights
  6 centaur zombies
  A jelly (D:6)
  3 hounds
  A gnoll shaman (D:7)
  5 orc priests
  2 bullfrog skeletons
  An iguana (D:6)
  11 orc wizards
  A hound skeleton (D:4)
  A howler monkey zombie (D:9)
  5 adders
  14 gnolls
  2 shadow imps
  3 worms
  4 dart slugs
  32 orcs
  7 ball pythons
  5 endoplasms
  A giant cockroach (D:1)
  4 goblins
  5 hobgoblins
  5 jackals
  8 kobolds
  A quokka (D:1)
  6 bats
  4 frilled lizards
  7 rats
182 creatures vanquished.

Notes
Turn   | Place    | Note
-------+----------+-------------------------------------------
     0 | D:1      | Delamore the Formicid Fighter began the quest for the Orb.
     0 | D:1      | Reached XP level 1. HP: 18/18 MP: 1/1
    41 | D:1      | Reached XP level 2. HP: 24/24 MP: 2/2
   379 | D:1      | Reached XP level 3. HP: 30/30 MP: 3/3
   408 | D:1      | Reached skill level 3 in Staves
   945 | D:2      | Reached XP level 4. HP: 25/37 MP: 4/4
  1141 | D:2      | Reached skill level 4 in Staves
  1325 | D:2      | Reached XP level 5. HP: 42/42 MP: 5/5
  1425 | D:2      | Found a faded altar of an unknown god.
  1712 | D:3      | Identified a scroll of acquirement
  1712 | D:3      | Acquired a +0 lajatang of electrocution
  1827 | D:3      | Reached XP level 6. HP: 26/49 MP: 6/6
  2317 | D:3      | Found Deetiq's Assorted Antiques.
  2356 | D:3      | Bought a sapphire potion for 22 gold pieces
  2356 | D:3      | Bought a pink potion for 22 gold pieces
  2368 | D:3      | Reached skill level 5 in Staves
  2734 | D:4      | Reached skill level 5 in Fighting
  2742 | D:4      | Found a staircase to the Ecumenical Temple.
  3048 | Temple   | Entered the Ecumenical Temple
  3136 | Temple   | Became a worshipper of Qazlal Stormbringer
  3260 | D:4      | Reached skill level 6 in Staves
  3260 | D:4      | Reached XP level 7. HP: 56/56 MP: 7/7
  3465 | D:5      | Entered Level 5 of the Dungeon
  4157 | D:5      | Noticed Dowan
  4157 | D:5      | Noticed Duvessa
  4170 | D:5      | Killed Duvessa
  4171 | D:5      | Reached skill level 7 in Staves
  4182 | D:5      | Killed Dowan
  4386 | D:6      | Noticed a wraith
  4390 | D:6      | Killed a wraith
  4391 | D:6      | Reached skill level 8 in Staves
  4391 | D:6      | Reached XP level 8. HP: 62/62 MP: 8/8
  4804 | D:6      | Reached skill level 9 in Staves
  4898 | D:6      | Noticed a wraith
  4910 | D:6      | Killed a wraith
  4966 | D:6      | Reached skill level 10 in Staves
  5058 | D:6      | Reached * piety under Qazlal
  5059 | D:6      | Reached XP level 9. HP: 59/68 MP: 9/9
  5933 | D:7      | Reached skill level 11 in Staves
  6395 | D:7      | Noticed Prince Ribbit
  6399 | D:7      | Killed Prince Ribbit
  6985 | D:7      | Reached skill level 12 in Staves
  7208 | D:8      | Reached XP level 10. HP: 67/74 MP: 10/10
  7766 | D:8      | You fall into a shaft and drop 2 floors!
  7766 | D:10     | Entered Level 10 of the Dungeon
  8095 | D:9      | Found a staircase to the Orcish Mines.
  8269 | D:9      | Found a burning altar of Makhleb.
  8271 | D:9      | Noticed a balrug
  8276 | D:9      | Found a glowing silver altar of Zin.
  8276 | D:9      | Noticed an angel
  8311 | D:9      | Reached skill level 13 in Staves
  8315 | D:9      | Reached ** piety under Qazlal
  8496 | D:9      | Found a sacrificial altar of Ru.
  8497 | D:9      | Found an opulent altar of Gozag.
  9306 | D:9      | Noticed a centaur warrior
  9306 | D:9      | Noticed an eight-headed hydra
  9306 | D:9      | Noticed a cyclops
  9328 | D:9      | Killed a centaur warrior
  9888 | D:9      | Noticed a fire giant
  9895 | D:9      | Noticed a deep troll
  9897 | D:9      | Slain by a fire giant

Illustrated notes

Levels and vault maps discovered:
D:1:      minmay_arrival_diagonal_passages, layout_basic
D:2:      layout_basic, hellmonk_ecumenical_altar_run_dry
D:3:      layout_loops_ring, serial_shops, nicolae_diamond_shop
D:4:      layout_rooms, temple_pool_b
D:5:      layout_loops_ring, uniq_duvessa
D:6:      layout_layer_cave
D:7:      layout_gridville, uniq_prince_ribbit1
D:8:      layout_basic
D:9:      minmay_shrinking_squares, layout_long_grid,
          grunt_temple_overflow_order_and_chaos_2,
          mainiacjoe_overflow_divided_tiny, kennysheep_generic_room_6
D:10:     layout_basic, serial_shops, nicolae_take_the_stairs
Temple:   compressed_dpeg_circular_temple

Skill      XL: |  1  2  3  4  5  6  7  8  9 10 |
---------------+-------------------------------+-----
Staves         | 3 4 6 8 10 12 13 | 13.9
Fighting       | 4 5 |  5.0
Shields        | 4 |  4.9
Armour         | |  3.2

Action                   |  1- 3 |  4- 6 |  7- 9 | 10-12 || total
-------------------------+-------+-------+-------+-------++-------
Melee: Quarterstaff      |    69 |    51 |       |    43 ||   163
       Lajatang          |       |    81 |   192 |    80 ||   353
Throw: Dart              |       |       |    13 |       ||    13
Invok: Upheaval          |       |       |       |     2 ||     2
 Abil: Dig               |     3 |       |     2 |     5 ||    10
Evoke: Wand              |       |       |       |     3 ||     3
  Use: Scroll            |       |     4 |    11 |     1 ||    16
       Potion            |       |       |     1 |     3 ||     4
Armor: Scale mail        |    21 |    46 |    46 |    52 ||   165
       Skin              |       |       |    10 |       ||    10
Dodge: Dodged            |    25 |    33 |    58 |    52 ||   168
Block: Kite shield       |    25 |    67 |    32 |       ||   124
       Buckler           |       |       |    30 |    43 ||    73

Table legend: (Time is in decaauts)
 A = Elapsed time spent in this place.
 B = Non-inter-level travel time spent in this place.
 C = Inter-level travel time spent in this place.
 D = Time resting spent in this place.
 E = Time spent auto-exploring this place.
 F = Levels seen in this place.
 G = Mean time per level.
                   A        B        C        D        E       F      G
               +--------+--------+--------+--------+--------+-----+--------+
         Total |   9941 |   9420 |    521 |   2082 |   6003 |  11 |  903.7 |
       Dungeon |   9843 |   9341 |    502 |   2082 |   5950 |  10 |  984.3 |
        Temple |     97 |     78 |     19 |      0 |     53 |   1 |   97.0 |
               +--------+--------+--------+--------+--------+-----+--------+

Top non-repeatable levels by time:
     D:6: 1380 daAuts
     D:7: 1344 daAuts
     D:9: 1217 daAuts
     D:8: 1167 daAuts
     D:5: 1052 daAuts
     D:1: 928 daAuts
     D:3: 922 daAuts
     D:2: 818 daAuts
     D:4: 767 daAuts
    D:10: 243 daAuts
  Temple: 97 daAuts
